 Dungeon Crawl Stone Soup version 0.19.0 (webtiles) character file.

51 CanadianGator the Chopper (level 3, 0/33 HPs)
             Began as a Hill Orc Berserker on Nov 24, 2016.
             Was a Believer of Trog.
             Slain by a gnoll
             ... wielding a cursed +0 spear
              (6 damage)
             ... on level 2 of the Dungeon.
             The game lasted 00:02:39 (1345 turns).

CanadianGator the Chopper (Hill Orc Berserker)      Turns: 1345, Time: 00:02:41

Health: 0/33       AC:  3    Str: 20    XL:     3   Next: 83%
Magic:  3/3        EV: 12    Int:  7    God:    Trog [**....]
Gold:   105        SH:  0    Dex: 10    Spells: 0 memorised, 2 levels left

rFire  + . .     SeeInvis .     a - +0 hand axe
rCold  x . .     Gourm    .     d - +0 leather armour
rNeg   . . .     Faith    .     (no shield)
rPois  .         Spirit   .     (no helmet)
rElec  .         Reflect  .     (no cloak)
rCorr  .         Harm     .     (no gloves)
MR     ++...                    (no boots)
Stlth  +.........               (no amulet)
                                (no ring)
                                p - ring of fire

@: regenerating
A: no striking features
a: Berserk, Trog's Hand, Burn Spellbooks, Renounce Religion


You were on level 2 of the Dungeon.
You worshipped Trog.
Trog was pleased with you.
You were near starving.

You visited 1 branch of the dungeon, and saw 2 of its levels.

You collected 105 gold pieces.

Inventory:

Hand Weapons
 a - a +0 hand axe (weapon)
Armour
 b - a +0 animal skin
 d - a +0 leather armour (worn)
Jewellery
 p - a ring of fire (left hand)
Wands
 o - a wand of confusion (19/48)
Scrolls
 e - 4 scrolls of identify {unknown}
 f - a scroll of amnesia {unknown}
 h - 3 scrolls of enchant weapon {unknown}
 i - a scroll of immolation {unknown}
 l - a scroll of teleportation {unknown}
 m - 3 scrolls of random uselessness {unknown}
 s - a scroll of fear {unknown}
Potions
 j - a potion of berserk rage {unknown}
 n - a potion of haste {unknown}
 q - 2 potions of degeneration {unknown}
Comestibles
 c - a bread ration
 g - 2 slices of pizza
 k - 2 beef jerkies
 r - 3 fruits


   Skills:
 + Level 3.8 Fighting
 * Level 4.9 Axes
 * Level 3.1 Armour
 + Level 1.9 Dodging


You had 2 spell levels left.
You didn't know any spells.

Dungeon Overview and Level Annotations

Branches:
Dungeon (2/15)

Altars:
Ashenzari
Dithmenos
Makhleb
Sif Muna
Yredelemnul


Message History

The gnoll hits you but does no damage.
You are too injured to fight recklessly!
You are too injured to fight recklessly!
You are too injured to fight recklessly!
You are too injured to fight recklessly!
You are too injured to fight recklessly!
You are too injured to fight recklessly!
You are too injured to fight recklessly!
You are too injured to fight recklessly!
You are too injured to fight recklessly!
You are too injured to fight recklessly!
You are too injured to fight recklessly!
Okay, then.
Your skin crawls.
You feel resistant to hostile enchantments.
You are near starving!
The gnoll hits you.
* * * LOW HITPOINT WARNING * * *
The gnoll hits you from afar with a spear.
You die...

#.#.#........#.#
#.#.#.##.#.#.#.#
##########.#.#.#.#
....# ###.#.#.#.#
....####...#.#.#.#
.........###.#.#.#
....####...#)#.#.#
....# ###.#.#.#.#
##### #.#...#@#
##########.#####g#
...........# #g#
############ #g#
..# ###


You could see 3 gnolls.

Vanquished Creatures
  An adder (D:2)
  An ooze (D:1)
  A worm (D:2)
  A dart slug (D:1)
  2 giant cockroaches
  2 gnoll zombies (D:2)
  8 goblins
  5 hobgoblins
  3 bats
  4 kobolds
  4 rats
32 creatures vanquished.

Notes
Turn   | Place    | Note
-------+----------+-------------------------------------------
     0 | D:1      | CanadianGator the Hill Orc Berserker began the quest for the Orb.
     0 | D:1      | Reached XP level 1. HP: 19/19 MP: 1/1
   215 | D:1      | Reached XP level 2. HP: 17/27 MP: 2/2
   605 | D:2      | Reached XP level 3. HP: 20/33 MP: 3/3
   621 | D:2      | Found a shattered altar of Ashenzari.
   622 | D:2      | Found a deep blue altar of Sif Muna.
   624 | D:2      | Found a burning altar of Makhleb.
   624 | D:2      | Found a shadowy altar of Dithmenos.
  1004 | D:2      | Reached ** piety under Trog
  1309 | D:2      | Found a basalt altar of Yredelemnul.
  1345 | D:2      | Slain by a gnoll

Skill      XL: |  1  2  3 |
---------------+----------+-----
Armour         | 3 |  3.1
Fighting       | |  3.8
Axes           | |  4.9
Dodging        | |  1.9

Action                   || total
-------------------------++-------
Melee: Hand axe          ||   121
Invok: Trog's Hand       ||     1
Armor: Animal skin       ||     4
       Leather armour    ||    18
Dodge: Dodged            ||    63
